 Dungeon Crawl Stone Soup version 0.31.0-32-g396128a36d (webtiles) character file.

Game seed: 12066389727741512252

714 Ijustatesigmund the Conjurer (level 7, -5/46 HPs)
             Began as an Octopode Conjurer on Mar 22, 2024.
             Was a Follower of Cheibriados.
             Slain by a gnoll bouda
             ... wielding a +0 club
              (9 damage)
             ... on level 6 of the Dungeon.
             The game lasted 00:07:55 (6111 turns).

Ijustatesigmund the Conjurer (Octopode Conjurer)    Turns: 6111, Time: 00:07:56

Health: -5/46      AC:  1    Str:  8    XL:     7   Next: 69%
Magic:  12/12      EV: 14    Int: 29    God:    Cheibriados [*.....]
Gold:   352        SH:  0    Dex: 13    Spells: 6/13 levels left

rFire   . . .        d - +7 war axe "Tytom" {freeze, rC+ Int+5 Stlth+}
rCold   + . .        (no shield)
rNeg    . . .        (helmet restricted)
rPois   .            (no amulet)
rElec   .            (no ring)
rCorr   .            (no ring)
SInv    .            (no ring)
Will    .....        (no ring)
Stlth   ++++         (no ring)
HPRegen 0.27/turn    (no ring)
MPRegen 0.13/turn    (no ring)
                     (no ring)

%: no passive effects
@: weak-willed, weakened, very slow
A: almost no armour, amphibious, 8 rings, camouflage 1, gelatinous body 1,
(nimble swimmer 1), tentacles
a: Renounce Religion, Bend Time


You were on level 6 of the Dungeon.
You worshipped Cheibriados.
Cheibriados was aware of your devotion.
You visited 2 branches of the dungeon, and saw 7 of its levels.

You collected 352 gold pieces.

Inventory:

Hand Weapons
 a - a +5 heavy flail
 d - the +7 war axe "Tytom" (weapon) {freeze, rC+ Int+5 Stlth+}
   (You found it on level 5 of the Dungeon)

   Int+5:     It affects your intelligence (+5).
   rC+:       It protects you from cold.
   Stlth+:    It makes you more stealthy.
Wands
 j - a wand of polymorph (5)
Scrolls
 g - a scroll of teleportation
 k - a scroll of amnesia {unknown}
 m - 2 scrolls of fog
 n - a scroll of poison {unknown}
Potions
 e - a potion of brilliance
 f - a potion of curing
 l - a potion of lignification


   Skills:
 + Level 3.4 Fighting
 + Level 2.0 Axes
 + Level 3.8 Dodging
 - Level 2.6 Stealth
 - Level 3.7 Spellcasting
 - Level 4.5 Conjurations
 + Level 3.3 Translocations
 + Level 2.4 Invocations


You had 6 spell levels left.
You knew the following spells:

 Your Spells              Type           Power      Damage    Failure   Level
a - Magic Dart            Conj           100%       1d8       1%          1
b - Searing Ray           Conj           62%        2d6       1%          2
c - Iskenderun's Mystic   Conj/Tloc      28%        2d7       14%         4

Your spell library contained the following spells:

 Spells                   Type           Power      Damage    Failure   Level
 Freeze                   Ice            20%        1d4       7%          1
 Necrotise                Necr           20%        1d5       7%          1
 Hailstorm                Conj/Ice       18%        3d7       9%          3
 Sublimation of Blood     Necr           5%         N/A       11%         2
 Frozen Ramparts          Ice            10%        1d2       22%         3
 Summon Ice Beast         Ice/Summ       5%         N/A       22%         3
 Vampiric Draining        Necr           5%         2d6       22%         3
 Fulminant Prism          Conj/Alch      9%         3d6       28%         4
 Martyr's Knell           Necr/Summ      5%         N/A       56%         4
 Petrify                  Alch/Erth      5%         N/A       56%         4
 Irradiate                Conj/Alch      9%         3d14      61%         5
 Curse of Agony           Necr           5%         N/A       89%         5
 Sculpt Simulacrum        Ice/Alch       2%         N/A       100%        6


Dungeon Overview and Level Annotations

Branches:
Dungeon (6/15)             Temple (1/1) D:4

Altars:
Ashenzari
Cheibriados
Dithmenos
Elyvilon
Gozag
Hepliaklqana
Kikubaaqudgha
Makhleb
Nemelex Xobeh
Okawaru
Qazlal
Ru
Sif Muna
Trog
Uskayaw
Vehumet
Wu Jian
Xom
Yredelemnul
Zin
The Shining One

Shops:
D:4 *

Annotations:
Temple 2 transporters


Innate Abilities, Weirdness & Mutations

You cannot wear most types of armour.
You are amphibious.
You can wear up to eight rings at the same time.
Your skin changes colour to match your surroundings (Stealth+).
Your rubbery body absorbs attacks. (AC +1, EV +1)
((You are camouflaged when in or above water. (Stealth+)))
You have tentacles for arms and can constrict up to eight enemies at once.


Message History

Found a stone staircase leading up.
As you read the scroll labelled KOYCIFFO DOZY, it crumbles to dust.
It was a scroll of blinking.
Unknown command.
The gnoll bouda shouts!
The gnoll shouts!
A gnoll comes into view. It is wielding a +0 spear.
The gnoll shouts! x2
A gnoll comes into view. It is wielding a +0 spear.
The gnoll shouts!
The gnoll hits you from afar with a +0 spear!
The gnoll hits you with a +0 club. The gnoll barely misses you.
The gnoll hits you with a +0 halberd!
You hit the gnoll bouda. You freeze the gnoll bouda.
Your grab misses the gnoll bouda. You squeeze the gnoll bouda.
The gnoll bouda is moderately wounded.
You slash the gnoll! You freeze the gnoll.
You kill the gnoll!
Cheibriados appreciates the change of pace.
The gnoll hits you from afar with a +0 spear!
The gnoll bouda gazes fiercely through you!
You feel your attacks grow feeble.
The gnoll bouda hits you with a +0 club!
* * * LOW HITPOINT WARNING * * *
Okay, then.
You barely miss the gnoll bouda. Your grab misses the gnoll bouda.
You squeeze the gnoll bouda.
The gnoll bouda is heavily wounded.
You closely miss the gnoll. The gnoll barely misses you. x2
The gnoll bouda misses you.
The gnoll bouda gazes fiercely through you!
You feel as though you will be weak longer.
The gnoll bouda barely misses you. The gnoll closely misses you.
The gnoll hits you from afar with a +0 spear!
* * * LOW HITPOINT WARNING * * *
You hit the gnoll bouda but do no damage.
Your grab misses the gnoll bouda. Your squeeze misses the gnoll bouda.
The gnoll bouda is heavily wounded.
You closely miss the gnoll. The gnoll misses you.
The gnoll bouda hits you with a +0 club!
You die...

... ... #.#
###.####. .g...
.. g<.# #. #gg#
#. #. #@)# #.
....###..###.#
.............####
..#.###......<..#
##.######.# .# #
.# ##


You could see a gnoll bouda and 3 gnolls.

Vanquished Creatures
  Edmund (D:4)
  A centaur (D:5)
  2 scorpions (D:5)
  A howler monkey (D:5)
  A bombardier beetle (D:5)
  A sleepcap (D:5)
  2 iguanas (D:5)
  Robin (D:2)
  5 adders
  5 gnolls
  6 ufetubi (D:5)
  2 dart slugs
  2 ribbon worms
  2 orcs
  6 ball pythons
  6 bats
  10 endoplasms
  4 giant cockroaches
  15 goblins
  12 hobgoblins
  9 jackals
  6 kobolds
  2 quokkas
  5 frilled lizards
  5 rats
112 creatures vanquished.

Notes
Turn   | Place    | Note
-------+----------+-------------------------------------------
     0 | D:1      | Ijustatesigmund the Octopode Conjurer began the quest for
                  | the Orb.
     0 | D:1      | Reached XP level 1. HP: 11/11 MP: 3/3
   264 | D:1      | Reached XP level 2. HP: 18/18 MP: 1/5
   272 | D:1      | Learned a level 2 spell: Searing Ray
   385 | D:1      | Reached skill level 1 in Fighting
   716 | D:1      | Reached XP level 3. HP: 23/23 MP: 2/6
  1730 | D:2      | Noticed a shining eye
  1732 | D:2      | Found a faded altar of an unknown god.
  1734 | D:2      | Reached XP level 4. HP: 29/29 MP: 6/8
  1739 | D:2      | Learned a level 4 spell: Iskenderun's Mystic Blast
  1770 | D:2      | Noticed a great orb of eyes
  1770 | D:2      | Noticed a glass eye
  1770 | D:2      | Noticed an eye of devastation
  2161 | D:2      | Noticed Robin
  2166 | D:2      | Killed Robin
  2960 | D:3      | Reached skill level 1 in Translocations
  3094 | D:3      | Reached XP level 5. HP: 35/35 MP: 6/9
  3507 | D:4      | Found a snail-covered altar of Cheibriados.
  3672 | D:4      | Found Isesah's CLEARANCE SALE!.
  3888 | D:4      | Noticed Edmund
  3910 | D:4      | Killed Edmund
  3911 | D:4      | Reached XP level 6. HP: 22/41 MP: 3/11
  4453 | D:4      | Found a staircase to the Ecumenical Temple.
  4460 | Temple   | Found a transporter.
  4460 | Temple   | Found a transporter.
  4460 | Temple   | Found a transporter.
  4460 | Temple   | Found a transporter.
  4460 | Temple   | Entered the Ecumenical Temple
  4495 | D:4      | Became a worshipper of Cheibriados the Contemplative
  4513 | D:4      | Found a stormy altar of Qazlal.
  4585 | D:5      | Entered Level 5 of the Dungeon
  4692 | D:5      | Identified the +7 war axe "Tytom" {freeze, rC+ Int+5
                  | Stlth+}
  4786 | D:5      | Reached skill level 1 in Invocations
  4927 | D:5      | Reached skill level 1 in Axes
  5207 | D:5      | Reached XP level 7. HP: 45/45 MP: 6/12
  5414 | D:5      | Reached * piety under Cheibriados
  6111 | D:6      | Slain by a gnoll bouda

Illustrated notes

Levels and vault maps discovered:
D:1:      amcnicky_arrival_single_pillar, layout_basic
D:2:      layout_loops_ring, hellmonk_ecumenical_altar_watching_god, uniq_robin
D:3:      layout_basic
D:4:      layout_gridville, lemuel_doored_altar, kennysheep_slug_shrine,
          minmay_temple_entry_waves, nicolae_shop_clearance, uniq_edmund
D:5:      layout_loops_ring, hangedman_abyss_or_decor_passed
D:6:      lemuel_insect_pit, layout_loops_ring, gup_sewer_entry_bowl,
          minmay_misc_feat_chi
Temple:   hellmonk_temple_divided_pantheon

Skill      XL: |  1  2  3  4  5  6  7 |
---------------+----------------------+-----
Fighting       | 1 2 3 |  3.4
Spellcasting   | 3 |  3.7
Translocations | 1 2 3 |  3.3
Dodging        | 3 |  3.8
Invocations    | 1 2 |  2.4
Axes           | 1 2 |  2.0
Stealth        | |  2.6
Conjurations   | |  4.5

Action                     |  1- 3 |  4- 6 |  7- 9 || total
---------------------------+-------+-------+-------++-------
  Melee: Tentacles         |     1 |     4 |     7 ||    12
         Unarmed           |     1 |       |       ||     1
         Short sword       |     5 |    11 |       ||    16
         Constrict         |     1 |     5 |     5 ||    11
         War axe           |       |    11 |    23 ||    34
         Flail             |       |     1 |       ||     1
   Cast: Magic Dart        |    66 |   104 |    10 ||   180
         Searing Ray       |       |     6 |       ||     6
    Use: Potion            |       |     4 |       ||     4
         Scroll            |       |     5 |     4 ||     9
   Stab: Sleeping          |       |     1 |     3 ||     4
 Armour: Skin              |     4 |    33 |    23 ||    60
  Dodge: Dodged            |     3 |    47 |    33 ||    83
